 Dungeon Crawl Stone Soup version 0.21.1-1-g345015f (webtiles) character file.

175 wojtek the Chopper (level 5, -2/45 HPs)
             Began as a Minotaur Fighter on July 23, 2018.
             Slain by anotherperson's ghost (7 damage)
             ... on level 3 of the Dungeon.
             The game lasted 00:02:34 (1958 turns).

wojtek the Chopper (Minotaur Fighter)               Turns: 1958, Time: 00:02:35

Health: -2/45      AC:  8    Str: 21    XL:     5   Next: 29%
Magic:  4/4        EV:  7    Int:  5    God:
Gold:   96         SH:  9    Dex: 10    Spells: 4/4 levels left

rFire    . . .     SeeInvis .   a - +0 war axe
rCold    . . .     Gourm    .   c - +0 shield
rNeg     . . .     Faith    .   b - +0 scale mail
rPois    .         Spirit   .   (helmet restricted)
rElec    .         Reflect  .   (no cloak)
rCorr    .         Harm     .   (no gloves)
MR       .....                  i - +0 pair of boots
Stlth    ..........             (no amulet)
HPRegen  0.15/turn              (no ring)
MPRegen  0.09/turn              (no ring)

@: no status effects
A: retaliatory headbutt, horns 2
a: no special abilities


You were on level 3 of the Dungeon.
You were hungry.

You visited 1 branch of the dungeon, and saw 3 of its levels.

You collected 96 gold pieces.

Inventory:

Hand Weapons
 a - a +0 war axe (weapon)
Armour
 b - a +0 scale mail (worn)
 c - a +0 shield (worn)
 i - a +0 pair of boots (worn)
Scrolls
 k - a scroll of blinking {unknown}
 m - 2 scrolls of remove curse {unknown}
 n - a scroll of magic mapping {unknown}
 o - a scroll of teleportation {unknown}
Potions
 d - a potion of might
 e - a potion of resistance {unknown}
 h - a potion of heal wounds {unknown}
 j - a potion of degeneration {unknown}
 l - 3 potions of curing {unknown}
Comestibles
 f - 4 rations
 g - a chunk of flesh


   Skills:
 - Level 3.6 Fighting
 + Level 6.7 Axes
 - Level 3.6 Armour
 - Level 3.6 Shields


You had 4 spell levels left.
You didn't know any spells.

Dungeon Overview and Level Annotations

Branches:
Dungeon (3/15)

Altars:

Annotations:
D:3 anotherperson's ghost, amateur GrFi


Innate Abilities, Weirdness & Mutations

You reflexively headbutt those who attack you in melee.
You have a pair of horns on your head.


Message History

You barely miss anotherperson's ghost.
Your headbutt misses anotherperson's ghost.
Anotherperson's ghost is moderately damaged.
Anotherperson's ghost closely misses you.
Your shield prevents you from hitting anotherperson's ghost.
Anotherperson's ghost is moderately damaged.
Anotherperson's ghost hits you.
Anotherperson's ghost barely misses you.
You barely miss anotherperson's ghost.
Anotherperson's ghost is moderately damaged.
You block anotherperson's ghost's attack.
Your shield and scale mail prevent you from hitting anotherperson's ghost.
Your headbutt misses anotherperson's ghost.
Anotherperson's ghost is moderately damaged.
Anotherperson's ghost hits you! Anotherperson's ghost hits you!
* * * LOW HITPOINT WARNING * * *
There is a stone staircase leading up here.
Anotherperson's ghost hits you!
You die...

.. #.#.# . #.#.#
#.#.#.# # #!#.#.#
?# #.....#+#.# .
#.........#..
#............#
#..).W....#...
#....@^.......
......#.....#....
.............#...
.....#........#..
$....#.[##+#...#.
....).... ....
######... ##. #..


You could see anotherperson's ghost.

Vanquished Creatures
  A centaur (D:2)
  2 adders (D:2)
  2 oozes
  5 worms (D:2)
  A dart slug (D:2)
  2 leopard geckos (D:1)
  5 bats
  5 giant cockroaches
  3 goblins
  5 hobgoblins
  3 jackals (D:2)
  A quokka (D:2)
  5 frilled lizards
  8 kobolds
  11 rats
59 creatures vanquished.

Notes
Turn   | Place    | Note
-------+----------+-------------------------------------------
     0 | D:1      | wojtek the Minotaur Fighter began the quest for the Orb.
     0 | D:1      | Reached XP level 1. HP: 19/19 MP: 0/0
   384 | D:1      | Reached skill level 3 in Axes
   386 | D:1      | Reached XP level 2. HP: 17/26 MP: 1/1
   834 | D:1      | Reached skill level 4 in Axes
   951 | D:1      | Reached XP level 3. HP: 31/31 MP: 2/2
  1182 | D:2      | Reached skill level 5 in Axes
  1321 | D:2      | Reached XP level 4. HP: 33/39 MP: 3/3
  1743 | D:2      | Noticed a centaur
  1748 | D:2      | Killed a centaur
  1748 | D:2      | Reached skill level 6 in Axes
  1748 | D:2      | Reached XP level 5. HP: 31/45 MP: 4/4
  1935 | D:3      | Noticed anotherperson's ghost (amateur GrFi)
  1958 | D:3      | Slain by anotherperson's ghost

Skill      XL: |  1  2  3  4 |
---------------+-------------+-----
Axes           | 3 4 5 6 |  6.7
Fighting       | |  3.6
Armour         | |  3.6
Shields        | |  3.6

Action                   |  1- 3 |  4- 6 || total
-------------------------+-------+-------++-------
Melee: War axe           |   102 |    55 ||   157
       Headbutt          |    17 |     9 ||    26
  Eat: Chunk             |     1 |     2 ||     3
Armor: Scale mail        |    49 |    25 ||    74
Dodge: Dodged            |    27 |    20 ||    47
Block: Shield            |    39 |    30 ||    69
